 Dungeon Crawl Stone Soup version 0.30.1-9-gdf580d7c3d (webtiles) character file.

Game seed: 17953725822324181996

28945 boopmooplesden the Severer (level 13, -2/174 HPs)
             Began as a Minotaur Fighter on Sept 26, 2023.
             Was a High Priest of Trog.
             Killed from afar by a will-o-the-wisp (7 damage)
             ... with a foxfire
             ... on level 2 of the Abyss.
             The game lasted 00:22:54 (14448 turns).

boopmooplesden the Severer (Minotaur Fighter)      Turns: 14448, Time: 00:22:55

Health: -2/174     AC: 26    Str: 29    XL:     13   Next: 12%
Magic:  12/12      EV:  2    Int:  4    God:    Trog [*****.]
Gold:   907        SH:  0    Dex: 10    Spells: 12/12 levels left

rFire   + . .        r - +1 broad axe (freeze)
rCold   . . .        I - +1 kite shield
rNeg    . . .        P - melded +0 plate armour
rPois   +            (helmet currently unavailable)
rElec   .            m - melded +0 cloak
rCorr   .            u - melded +0 pair of gloves
SInv    .            q - melded +1 pair of boots {rampage}
Will    .....        z - amulet of reflection
Stlth   +            x - ring of protection from fire
HPRegen 0.00/turn    (no ring)
MPRegen 0.13/turn

%: reflection
@: confused, tree-form, sick
A: stationary, stasis, torment immunity, boosted hp, (horns 2), (retaliatory
headbutt), strong 1
a: Renounce Religion, Berserk, Trog's Hand, Brothers in Arms


You were on level 2 of the Abyss.
You worshipped Trog.
Trog was extremely pleased with you.
You were a tree.
You visited 2 branches of the dungeon, and saw 15 of its levels.
You visited the Abyss 1 time.

You collected 1117 gold pieces.
You spent 210 gold pieces at shops.

Inventory:

Hand Weapons
 a - a +1 war axe
 r - a +1 broad axe of freezing (weapon)
 O - a +1 demon whip of venom
Missiles
 k - 4 silver boomerangs (quivered)
 A - 6 throwing nets
 S - a javelin
Armour
 m - a +0 cloak (melded)
 p - the +4 robe of Augmentation {Str+4 Int+4 Dex+4}
   (You took it off an orc on level 12 of the Dungeon)

   Str:       It affects your strength (+4).
   Int:       It affects your intelligence (+4).
   Dex:       It affects your dexterity (+4).
 q - a +1 pair of boots of rampaging (melded)
 u - a +0 pair of gloves (melded)
 I - a +1 kite shield (worn)
 P - a +0 plate armour (melded)
Jewellery
 t - a ring of fire
 x - a ring of protection from fire (left branch)
 z - an amulet of reflection (around neck)
 B - an amulet of magic regeneration
 C - an amulet of faith
 E - a ring of positive energy
 F - a ring of see invisible
 L - a ring of protection from fire
Wands
 v - a wand of roots (11)
 w - a wand of digging (3)
 y - a wand of quicksilver (10)
 G - a wand of charming (13)
 J - a wand of flame (27)
 N - a wand of mindburst (8)
Scrolls
 e - 6 scrolls of teleportation
 i - 2 scrolls of blinking
 n - a scroll of torment
 H - 3 scrolls of identify
 K - a scroll of brand weapon
 R - a scroll of magic mapping
Potions
 b - 3 potions of berserk rage
 c - a potion of haste {unknown}
 d - 2 potions of might
 f - 6 potions of magic
 g - 9 potions of curing
 h - 5 potions of degeneration
 j - 5 potions of brilliance
 l - 3 potions of flight
 o - 5 potions of lignification
 s - 3 potions of resistance
 D - 2 potions of mutation
 Q - a potion of cancellation {unknown}


   Skills:
 + Level 11.4 Fighting
 + Level 17.0 Axes
 + Level 0.1 Throwing
 + Level 12.9 Armour
 + Level 4.1 Dodging
 + Level 2.5 Stealth
 + Level 11.8 Shields
 + Level 0.1 Evocations


You had 12 spell levels left.
You didn't know any spells.
Your spell library was empty.

Dungeon Overview and Level Annotations

Branches:
Dungeon (14/15)            Temple (1/1) D:5            Lair (0/5) D:11
    Orc: D:9-12      Vaults: D:13-14

Altars:
Ashenzari
Cheibriados
Dithmenos
Elyvilon
Fedhas
Gozag
Hepliaklqana
Kikubaaqudgha
Makhleb
Nemelex Xobeh
Okawaru
Qazlal
Ru
Sif Muna
Trog
Uskayaw
Vehumet
Wu Jian
Xom
Yredelemnul
Zin
The Shining One

Shops:
D:3 [   D:5 :([[*   D:6 (   D:9 :   D:14 (

Annotations:
D:9 exclusion: statue


Innate Abilities, Weirdness & Mutations

You are a tree.
Your roots penetrate the ground, keeping you stationary.
You cannot be teleported.
You are immune to unholy pain and torment.
Your maximum health is greatly increased.
Your equipment is partially melded.
((You have a pair of horns on your head.))
((You reflexively headbutt those who attack you in melee.))
Your muscles are strong. (Str +4, Int/Dex -1)


Message History

2 foxfires come into view.
It was a potion of flight.
Your roots keep you in place.
Something hits you but does no damage. The golden eye blinks at you.
You resist with some effort.
The quasit bites you but does no damage.
The quasit claws you but does no damage. x2
The ancient zyme hits you but does no damage. x2
Unknown command.
It was a potion of heal wounds.
You feel much better.
Something hits you but does no damage. x2
The quasit bites you but does no damage.
The quasit claws you but does no damage. x2
The golden eye blinks!
The golden eye blinks at you.
You are more confused.
The will-o-the-wisp gestures.
The will-o-the-wisp conjures some foxfire!
The ancient zyme hits you but does no damage. x2
The quasit bites you but does no damage.
The quasit barely misses you.
The quasit claws you but does no damage. 2 foxfires come into view.
You slash the ancient zyme! You freeze the ancient zyme.
You destroy the ancient zyme!
Trog accepts your kill.
You miss the golden eye. You barely miss the quasit.
You closely miss something. Something hits you but does no damage.
The foxfire hits you! You resist.
* * * LOW HITPOINT WARNING * * *
The foxfire hits you! You resist.
* * * LOW HITPOINT WARNING * * *
The golden eye blinks at you.
You are more confused.
You barely miss the foxfire. You barely miss the golden eye.
You hit the quasit but do no damage. You closely miss something.
The foxfire hits you! You resist.
* * * LOW HITPOINT WARNING * * *
The foxfire hits you! You resist.
You die...

. ## ..### ..# #.
.###... # .. ..#. .
.#.....#... .#.
.......... ...... ....
. ... .#... #.....#...
. . ## ... ##...
##...###...## . # ##
##.## ##.## #.## .
...###...###§§.## # .
...#.....#vvG..#.....#
. . ..
.......♣Gv§..........
.#.....#5§...#.. §.#.
##...###...## ...#
##.# ##.## #.## #..
...# .. #.. . ...# ...
. ..... .#. # .. .#..
##...###.


You could see a will-o-the-wisp, a quasit and 2 golden eyes.

Vanquished Creatures
  2 centaur warriors
  4 two-headed ogres
  A catoblepas (D:14)
  A boulder beetle (D:14)
  Erica (D:9)
  Amaemon (D:9)
  A deep elf pyromancer (D:14)
  A worldbinder (Abyss:2)
  5 ugly things
  2 manticores
  A guardian serpent (D:12)
  An orange demon (D:9)
  Maurice (D:9)
  2 smoke demons (Abyss:2)
  4 gargoyles
  An unseen horror (D:13)
  A kobold demonologist (D:12)
  A freezing wraith (D:12)
  An ancient zyme (Abyss:2)
  3 trolls
  The ghost of gdog the Covert, an amateur GnDe of Vehumet (D:4)
  A hornet (D:8)
  3 hellwings (Abyss:2)
  Prince Ribbit (D:7)
  Grinder (D:5)
  A merfolk zombie (Abyss:2)
  2 shadows
  4 wraiths
  2 vampires
  4 wyverns
  Grum (D:9)
  4 water elementals (D:11)
  A golden eye (Abyss:2)
  A steam dragon (D:5)
  15 yaks
  2 basilisks
  13 vampire mosquitoes
  2 large abominations (Abyss:2)
  An acid dragon (D:8)
  5 orc warriors
  2 small abominations (Abyss:2)
  3 sky beasts
  3 black bears (D:5)
  2 ice beasts
  9 centaurs
  6 wolves
  2 ogres (D:5)
  A phantom (D:6)
  Blork the orc (D:4)
  2 kobold brigands
  5 gnoll sergeants
  5 scorpions
  6 wights
  17 killer bees
  5 howler monkeys
  An electric eel (D:6)
  7 hounds
  An iron imp (Abyss:2)
  5 orc priests
  2 bullfrog zombies (D:4)
  A quasit (Abyss:2)
  Crazy Yiuf (D:2)
  2 gnoll boudas (D:6)
  3 sleepcaps
  4 iguanas (D:5)
  6 orc wizards
  Ijyb (D:4)
  A howler monkey zombie (D:4)
  Robin (D:2)
  A howler monkey skeleton (D:4)
  41 gnolls
  6 adders
  2 shadow imps
  A white imp (D:8)
  3 ufetubi
  A dart slug (D:4)
  27 orcs
  9 ball pythons
  5 endoplasms
  4 giant cockroaches
  12 goblins
  8 hobgoblins
  4 jackals (D:6)
  4 quokkas
  7 bats
  2 frilled lizards
  11 kobolds
  10 rats
363 creatures vanquished.

Vanquished Creatures (others)
  A jackal (D:6)
  A kobold (D:8)
  5 foxfires (Abyss:2)
7 creatures vanquished.

Grand Total: 370 creatures vanquished

Notes
Turn   | Place    | Note
-------+----------+-------------------------------------------
     0 | D:1      | boopmooplesden the Minotaur Fighter began the quest for the
                  | Orb.
     0 | D:1      | Reached XP level 1. HP: 19/19 MP: 0/0
   148 | D:1      | Reached XP level 2. HP: 27/27 MP: 1/1
   393 | D:1      | Reached XP level 3. HP: 26/28 MP: 2/2
   425 | D:1      | Found a faded altar of an unknown god.
   972 | D:2      | Found a runed translucent door.
   973 | D:2      | Noticed Crazy Yiuf
  1291 | D:2      | Reached skill level 3 in Axes
  1310 | D:2      | Reached XP level 4. HP: 31/37 MP: 3/3
  1316 | D:2      | Noticed Robin
  1324 | D:2      | Killed Robin
  2063 | D:2      | Killed Crazy Yiuf
  2185 | D:3      | Found Pimm's Armour Shop.
  2249 | D:3      | Found a shimmering altar of Xom.
  2251 | D:3      | Found a basalt altar of Yredelemnul.
  2294 | D:3      | Found an opulent altar of Gozag.
  2296 | D:3      | Found a glowing silver altar of Zin.
  2317 | D:3      | Found a burning altar of Makhleb.
  2318 | D:3      | Found a hide-covered altar of Uskayaw.
  2568 | D:4      | Reached skill level 4 in Axes
  2568 | D:4      | Reached XP level 5. HP: 46/46 MP: 4/4
  2606 | D:4      | Reached skill level 5 in Armour
  2695 | D:4      | Noticed Ijyb
  2709 | D:4      | Killed Ijyb
  2710 | D:4      | Reached skill level 1 in Dodging
  2855 | D:4      | Found a transporter.
  2871 | D:4      | Reached XP level 6. HP: 52/52 MP: 5/5
  2879 | D:4      | Found a transporter.
  2881 | D:4      | Reached skill level 5 in Axes
  2940 | D:4      | Noticed Blork the orc
  2946 | D:4      | Killed Blork the orc
  3048 | D:4      | Noticed gdog's ghost (amateur GnDe)
  3558 | D:4      | Killed gdog's ghost
  3559 | D:4      | Reached skill level 6 in Axes
  3559 | D:4      | Reached XP level 7. HP: 53/60 MP: 6/6
  3627 | D:5      | Entered Level 5 of the Dungeon
  3655 | D:5      | Reached skill level 5 in Fighting
  3666 | D:5      | Reached skill level 7 in Axes
  3807 | D:5      | Noticed Grinder
  3811 | D:5      | Reached XP level 8. HP: 54/69 MP: 7/7
  3817 | D:5      | Paralysed by Grinder for 5 turns
  3834 | D:5      | Paralysed by Grinder for 4 turns
  3843 | D:5      | Killed Grinder
  3844 | D:5      | Reached skill level 8 in Axes
  4057 | D:5      | Found a staircase to the Ecumenical Temple.
  4066 | Temple   | Entered the Ecumenical Temple
  4102 | Temple   | Became a worshipper of Trog the Wrathful
  4131 | D:5      | Found Atill's Armour Shoppe.
  4138 | D:5      | Found a glowing golden altar of the Shining One.
  4236 | D:5      | Found Tuab's Armour Shoppe.
  4241 | D:5      | Found Touj's Assorted Antiques.
  4250 | D:5      | Bought a pair of embroidered boots for 210 gold pieces
  4342 | D:5      | Found a sacrificial altar of Ru.
  4381 | D:5      | Found Zumetu's Antique Weapon Shoppe.
  4393 | D:5      | Reached skill level 9 in Axes
  4401 | D:5      | Found Qearch's Book Emporium.
  5019 | D:6      | Reached skill level 5 in Shields
  5019 | D:6      | Reached XP level 9. HP: 78/78 MP: 8/8
  5269 | D:6      | Reached skill level 10 in Axes
  5573 | D:6      | Reached * piety under Trog
  5690 | D:6      | Reached skill level 1 in Stealth
  5812 | D:6      | Found Lig Liykh's Weapon Shoppe.
  5858 | D:6      | Reached skill level 11 in Axes
  5902 | D:6      | Reached ** piety under Trog
  6668 | D:7      | Noticed Prince Ribbit
  6675 | D:7      | Killed Prince Ribbit
  6676 | D:7      | Reached skill level 12 in Axes
  7303 | D:7      | Reached XP level 10. HP: 88/88 MP: 9/9
  7494 | D:8      | Noticed a two-headed ogre
  7511 | D:8      | Killed a two-headed ogre
  7949 | D:8      | Reached *** piety under Trog
  8080 | D:8      | Paralysed by a hornet for 3 turns
  8164 | D:8      | Found a blossoming altar of Fedhas.
  8165 | D:8      | Found an iron altar of Okawaru.
  8247 | D:8      | Reached skill level 13 in Axes
  8248 | D:8      | Reached skill level 10 in Armour
  8706 | D:9      | Noticed Maurice
  8715 | D:9      | Killed Maurice
  8832 | D:9      | Reached XP level 11. HP: 97/97 MP: 10/10
  8842 | D:9      | Reached **** piety under Trog
  8885 | D:9      | Found Ciqemoxt's Book Boutique.
  8947 | D:9      | Noticed Amaemon
  8954 | D:9      | Killed Amaemon
  8958 | D:9      | Reached skill level 14 in Axes
  9108 | D:9      | You fall into a shaft and drop 3 floors!
  9600 | D:11     | Found a staircase to the Lair.
 10007 | D:11     | Reached skill level 10 in Fighting
 10130 | D:10     | Entered Level 10 of the Dungeon
 10217 | D:10     | Noticed a two-headed ogre
 10227 | D:10     | Killed a two-headed ogre
 10288 | D:10     | Noticed a sea snake
 10305 | D:10     | Noticed a brown ugly thing
 10315 | D:10     | Killed a brown ugly thing
 10390 | D:10     | Reached skill level 15 in Axes
 10796 | D:10     | Noticed a sea snake
 10869 | D:10     | Noticed a sea snake
 11082 | D:9      | Reached XP level 12. HP: 106/106 MP: 11/11
 11106 | D:9      | Found an ornate altar of the Wu Jian Council.
 11183 | D:9      | Found a shadowy altar of Dithmenos.
 11185 | D:9      | Reached skill level 10 in Shields
 11187 | D:9      | Noticed Grum
 11188 | D:9      | Reached ***** piety under Trog
 11209 | D:9      | Killed Grum
 11427 | D:9      | Noticed Erica
 11434 | D:9      | Killed Erica
 11437 | D:9      | Found a radiant altar of Vehumet.
 11674 | D:12     | Noticed a two-headed ogre
 11693 | D:12     | Killed a two-headed ogre
 12555 | D:12     | Reached skill level 16 in Axes
 12833 | D:13     | Noticed a two-headed ogre
 12837 | D:13     | Killed a two-headed ogre
 13066 | D:13     | Found a burning altar of Makhleb.
 13066 | D:13     | Noticed a green death
 13409 | D:13     | Noticed a centaur warrior
 13415 | D:13     | Killed a centaur warrior
 13632 | D:14     | Found Tylos's Firing Range.
 13677 | D:14     | Noticed a centaur warrior
 13682 | D:14     | Killed a centaur warrior
 13704 | D:14     | Noticed a boulder beetle
 13741 | D:14     | Killed a boulder beetle
 14005 | D:14     | Noticed a catoblepas
 14024 | D:14     | Killed a catoblepas
 14281 | D:14     | Noticed a tengu warrior
 14282 | Abyss:2  | Found a corrupted altar of Lugonu.
 14282 | Abyss:2  | Cast into level 2 of the Abyss (a wizard)
 14334 | Abyss:2  | Reached XP level 13. HP: 89/116 MP: 12/12
 14412 | Abyss:2  | Found a corrupted altar of Lugonu.
 14432 | Abyss:2  | Reached skill level 17 in Axes
 14444 | Abyss:2  | Gained mutation: Your muscles are strong. (Str +4, Int/Dex
                  | -1) [potion of mutation]
 14448 | Abyss:2  | HP: 5/174 [will-o-the-wisp/foxfire (15)]
 14448 | Abyss:2  | Killed from afar by a will-o-the-wisp

Illustrated notes

Levels and vault maps discovered:
D:1:      ebering_hopf_link, layout_basic, ebering_ecumenical_altar_webs
D:2:      layout_basic, uniq_robin, uniq_crazy_yiuf_cottage
D:3:      layout_rooms, grunt_temple_overflow_open, serial_shops, shop,
          grunt_ministairs_9, st_stairs_13
D:4:      layout_loops_corners, gammafunk_ghost_mausoleum, uniq_blork_the_orc,
          uniq_ijyb
D:5:      layout_cave_pools, nicolae_overflow_hidden_temple,
          nicolae_ru_awakened_eye, minmay_temple_entry_mini_moons, serial_shops,
          nicolae_shop_trees, shop, shop, nicolae_diamond_shop,
          nicolae_shop_just_a_little_nook, st_stairs_13, grunt_ministairs_5,
          nicolae_zen_rock_garden, uniq_grinder
D:6:      layout_cave_pods, serial_gnoll_camp, gnoll_camp_medium_02,
          gnoll_camp_huts_moat, gnoll_camp_mini_hut, gnoll_camp_mini_shop,
          gnoll_camp_mini_loothouse, hangedman_decor_push
D:7:      layout_layer_cave, uniq_prince_ribbit1
D:8:      layout_gridville, mainiacjoe_overflow_divided_tiny,
          serial_park_tiny_pond
D:9:      layout_basic, vehumet_statue, nicolae_dithmenos_the_darkroom,
          pdpol_wu_jian_five_deadly_venoms, serial_shops, shop, uniq_maurice,
          uniq_amaemon, uniq_erica, uniq_grum
D:10:     layout_basic, serial_aquarium, aquarium_bridge_long_separate
          [aquarium_subvault_bridge, aquarium_subvault_bridge,
          aquarium_subvault_wall, aquarium_subvault_bridge,
          aquarium_subvault_bridge, aquarium_subvault_bridge],
          aquarium_bridge_island_small [aquarium_subvault_small_open,
          aquarium_subvault_window, aquarium_subvault_wall,
          aquarium_subvault_bridge, aquarium_subvault_window],
          aquarium_window_corridor_3, aquarium_window_double,
          aquarium_window_corner, aquarium_view_2e, minmay_puff
D:11:     layout_cave_pools, lair_entry_dummy, david_orc_5, st_stairs_14,
          nicolae_underground_beach
D:12:     layout_loops_ring, serial_glass, glass_columns_a, glass_columns_c,
          nrook_guardian_serpent_double
D:13:     layout_grid_maze, hangedman_abyss_or_decor_jellyfish_corner,
          makhleb_altar_promises_db
D:14:     minmay_the_grid_triangle_9x9_line_8_mashed
          [minmay_the_grid_triangle_9x9_longest,
          minmay_the_grid_triangle_9x9_pentomino_pain,
          minmay_the_grid_triangle_9x9_swiss_cheese,
          minmay_the_grid_triangle_9x9_zippers_vertical,
          minmay_the_grid_triangle_9x9_wacky_v,
          minmay_the_grid_triangle_9x9_from_above,
          minmay_the_grid_triangle_9x9_corrupted_corridor,
          minmay_the_grid_triangle_9x9_prize_special], layout_basic,
          david_vaults_5, minmay_misc_feat_tower, serial_glass, glass_columns_c,
          glass_columns_a, glass_columns_b, glass_columns_a,
          nicolae_shop_firing_range
Temple:   hellmonk_temple_forest_ring
Abyss:2:  base:
D:10

Skill      XL: |  1  2  3  4  5  6  7  8  9 10 11 12 13 |
---------------+----------------------------------------+-----
Armour         | 4 5 7 8 9 10 11 12 | 12.9
Shields        | 4 5 7 9 11 | 11.8
Fighting       | 4 5 6 7 9 10 11 | 11.4
Axes           | 3 4 6 7 9 12 13 15 16 17 | 17.0
Dodging        | 1 2 3 4 |  4.1
Stealth        | 1 2 |  2.5
Throwing       | |  0.1
Evocations     | |  0.1

Action                     |  1- 3 |  4- 6 |  7- 9 | 10-12 | 13-15 || total
---------------------------+-------+-------+-------+-------+-------++-------
  Melee: War axe           |    96 |    44 |       |       |       ||   140
         Headbutt          |    10 |     9 |    53 |   112 |     7 ||   191
         Broad axe         |       |    51 |   244 |   586 |    41 ||   922
  Throw: Boomerang         |       |       |     1 |       |       ||     1
 Invoke: Berserk           |       |       |       |     5 |       ||     5
         Trog's Hand       |       |       |       |       |     1 ||     1
  Evoke: Wand              |       |       |     1 |     1 |       ||     2
    Use: Scroll            |     3 |     3 |     9 |     6 |       ||    21
         Potion            |       |     2 |     1 |     2 |     5 ||    10
   Stab: Distracted        |       |       |     1 |       |       ||     1
 Armour: Scale mail        |    45 |    14 |       |       |       ||    59
         Chain mail        |       |    42 |   149 |   108 |       ||   299
         Plate armour      |       |       |       |   199 |    44 ||   243
         Skin              |       |       |       |       |    33 ||    33
  Dodge: Dodged            |    63 |    44 |   119 |   152 |    22 ||   400
  Block: Buckler           |    28 |    23 |   117 |    35 |       ||   203
         Reflection        |       |       |    11 |    20 |       ||    31
         Kite shield       |       |       |       |   402 |    17 ||   419
